 Dungeon Crawl Stone Soup version 0.29.1-12-g30fa7ad0bf (webtiles) character file.

Game seed: 16294181124796974242

7 shoemetal68 the Trooper (level 2, 0/26 HPs)
             Began as a Ghoul Abyssal Knight on Dec 17, 2022.
             Was a Believer of Lugonu.
             Slain by a bat (1 damage)
             ... on level 1 of the Dungeon.
             The game lasted 00:02:44 (236 turns).

shoemetal68 the Trooper (Ghoul Abyssal Knight)       Turns: 236, Time: 00:02:45

Health: 0/26       AC:  3    Str: 16    XL:     2   Next: 4%
Magic:  2/2        EV: 11    Int:  5    God:    Lugonu [**....]
Gold:   0          SH:  0    Dex:  9    Spells: 1/1 levels left

rFire   . . .      SeeInvis .     - Unarmed
rCold   + . .      Faith    .   (no shield)
rNeg    + + +      Spirit   .   a - +0 leather armour
rPois   ∞          Reflect  .   (no helmet)
rElec   .          Harm     .   (no cloak)
rCorr   .          Rampage  .   (no gloves)
Will    .....                   (no boots)
Stlth   +.........              (no amulet)
HPRegen 0.00/turn               (no ring)
MPRegen 0.08/turn               (no ring)

@: inhibited regen
A: claws 1, cold resistance 1, negative energy resistance 3, inhibited
regeneration, torment resistance 2, devour on kill
a: Renounce Religion, Depart the Abyss, Bend Space


You were on level 1 of the Dungeon.
You worshipped Lugonu.
Lugonu was pleased with you.
You visited 1 branch of the dungeon, and saw 1 of its levels.
You visited the Abyss 1 time.

Inventory:

Armour
 a - a +0 leather armour (worn)


   Skills:
 + Level 3.4 Fighting
 + Level 1.9 Armour
 + Level 0.9 Dodging
 + Level 2.2 Unarmed Combat
 + Level 2.3 Invocations


You had one spell level left.
You didn't know any spells.
Your spell library contained the following spells:

 Spells                   Type           Power      Damage    Failure   Level
 Slow                     Hex            0%         N/A       54%         1
 Confusing Touch          Hex            0%         N/A       89%         3
 Vampiric Draining        Necr           0%         2d6       89%         3


Dungeon Overview and Level Annotations

Branches:
Dungeon (1/15)

Altars:


Innate Abilities, Weirdness & Mutations

You are immune to poison.
You have sharp fingernails.
Your flesh is cold resistant. (rC+)
You are immune to negative energy. (rN+++)
You do not regenerate when monsters are visible.
You are immune to unholy pain and torment.
You thrive by killing the living.


Message History

You hit the hobgoblin but do no damage.
The hobgoblin is severely wounded.
The bat barely misses you. The rat bites you but does no damage.
The hobgoblin barely misses you.
You hit the hobgoblin but do no damage.
The hobgoblin is severely wounded.
The bat closely misses you. The rat completely misses you.
The endoplasm closely misses you. The frilled lizard bites you.
The hobgoblin hits you.
You hit the hobgoblin but do no damage.
You claw the hobgoblin, but do no damage.
The hobgoblin is severely wounded.
The endoplasm freezes you.
You are frozen.
You resist. The rat closely misses you. The hobgoblin misses you.
The bat misses you. The frilled lizard closely misses you.
You are now empty-clawed.
You drop a +0 dagger.
The bat hits you but does no damage.
The frilled lizard bites you but does no damage.
The endoplasm freezes you.
You are frozen.
You resist. The rat bites you.
The hobgoblin hits you but does no damage.
You barely miss the hobgoblin.
The hobgoblin is severely wounded.
The bat closely misses you. The rat barely misses you.
The endoplasm closely misses you. The frilled lizard bites you.
The hobgoblin hits you.
* * * LOW HITPOINT WARNING * * *
You barely miss the hobgoblin.
The hobgoblin is severely wounded.
The bat hits you but does no damage. The bat misses you.
The endoplasm closely misses you. The rat misses you. The hobgoblin hits you.
* * * LOW HITPOINT WARNING * * *
The frilled lizard bites you.
* * * LOW HITPOINT WARNING * * *
As you read the scroll labelled FIROGHE LATA, it crumbles to dust.
It is a scroll of identify.
You don't have any unidentified items.
The bat hits you.
You die...

#.................
#.................
#.................
#.................
#.....#####.......
#.....# #.......
#.....# ####.#..
#b....# #....
#@J...# #....
#..lgr......#
#..>.
#...........#
#....
#...........#
#....
#...........#
#....
#...........#
#....
#...........#
#.... #...........
#.... #[...


You could see an endoplasm, a hobgoblin, a bat, a frilled lizard and a rat.

Vanquished Creatures
  A ball python (D:1)
  An endoplasm (D:1)
  A quokka (D:1)
  2 bats (D:1)
  A frilled lizard (D:1)
  A rat (D:1)
7 creatures vanquished.

Notes
Turn   | Place    | Note
-------+----------+-------------------------------------------
     0 | Abyss:1  | shoemetal68 the Ghoul Abyssal Knight began the quest for
                  | the Orb.
     0 | Abyss:1  | Reached XP level 1. HP: 19/19 MP: 1/1
    59 | D:1      | Escaped the Abyss
   148 | D:1      | Reached XP level 2. HP: 26/26 MP: 2/2
   235 | D:1      | HP: 1/26 [frilled lizard (3)]
   236 | D:1      | Slain by a bat

Illustrated notes

Levels and vault maps discovered:
D:1:      minmay_arrival_plants_in_alcoves, layout_basic,
          hellmonk_ecumenical_altar_crossroads

Action                   || total
-------------------------++-------
Melee: Unarmed           ||    22
       Dagger            ||    10
       Punch             ||     1
  Use: Scroll            ||     1
Armor: Leather armour    ||    27
Dodge: Dodged            ||    47
